[Event "Titled Tuesday Blitz March 15 Late 2022"]
[White "Jaferian, Koosha"]
[Black "Tabatabaei, M. Amin"]
[WhiteFideId "12507440"]
[BlackFideId "12521213"]
[WhiteElo "2030"]
[BlackElo "2544"]
[Result "0-1"]
[Round "02"]
[TimeControl "180+1"]
[Date "2022.03.15"]
[WhiteClock "0:00:06"]
[BlackClock "0:00:05"]

1. e4 e6 2. d4 d5 3. Bd3 dxe4 4. Bxe4 Nf6 5. Bf3 c5 6. Ne2 Nc6 7. Be3 Nd5 8. Bxd5 Qxd5 9. Nbc3 Qxg2 10. Rg1 Qxh2 11. Bf4 Qh4 12. Nb5 f6 13. Nc7+ Kf7 14. Nxa8 cxd4 15. Nc7 g5 16. Bg3 Qe4 17. Qd3 Qxd3 18. cxd3 e5 19. O-O-O h5 20. f3 a6 21. Nd5 Be6 22. Nb6 Bxa2 23. Be1 Bc5 24. Na4 Bd6 25. Nb6 Bb3 26. Nc4 Bc5 27. Ng3 b5 28. Nd2 Bxd1 29. Kxd1 h4 30. Nge4 Be7 31. Nb3 Nd8 32. Nbc5 Ne6 33. Bb4 a5 34. Nxe6 Bxb4 35. Nc7 Rb8 36. Nd5 Be7 37. Ke2 Rd8 38. Nxe7 Kxe7 39. Rc1 f5 40. Nxg5 Rg8 41. Nh3 Rg2+ 42. Nf2 h3 43. Rh1 h2 44. Kf1 Rg3 45. Ke2 Rg2 46. Kf1 Rg3 47. Ke2 Rg1 48. Rxh2 Rb1 49. Nd1 a4 50. Rh7+ Kd6 51. Rf7 f4 52. Rb7 Kc5 53. Re7 Kd5 54. Rb7 Kc6 55. Re7 b4 56. Rxe5 Kb6 57. Rd5 a3 58. bxa3 bxa3 59. Rxd4 a2 60. Ra4 a1=Q 61. Rxa1 Rxa1 62. Nc3 Kc5 63. Ne4+ Kd4 64. Nd2 Ra2 65. Ke1 Kxd3 66. Ne4 Ke3 67. Kd1 Ra1+ 68. Kc2 Kxf3 69. Nd2+ Ke2 70. Nb3 Ra2+ 71. Kb1 Ra3 72. Kc2 Rxb3 0-1


[Site "https://www.chess.com"]

[Event "Titled Tuesday Blitz March 15 Late 2022"]
[White "Janaszak, Dawid"]
[Black "Krasteva, Beloslava"]
[WhiteFideId "1119206"]
[BlackFideId "2922029"]
[WhiteElo "2199"]
[BlackElo "1689"]
[Result "1-0"]
[Round "02"]
[TimeControl "180+1"]
[Date "2022.03.16"]
[WhiteClock "0:00:32"]
[BlackClock "0:00:01"]

1. e4 c5 2. Nc3 Nc6 3. Bb5 Nd4 4. Nf3 a6 5. Bd3 Nc6 6. O-O e6 7. e5 d5 8. exd6 Bxd6 9. Ne4 Be7 10. b3 Nf6 11. Bb2 O-O 12. Qe2 Nd4 13. Nxd4 cxd4 14. c3 Nd5 15. Qf3 b6 16. Rfe1 Bb7 17. Rad1 Qd7 18. Bb1 f5 19. Qh3 fxe4 20. Bxe4 g6 21. cxd4 Nf4 22. Qe3 Rae8 23. d3 Bb4 24. Rf1 Nd5 25. Qh3 Nc3 26. Bxc3 Bxc3 27. Rc1 Bxd4 28. Kh1 Bxe4 29. dxe4 Qd6 30. Rfd1 e5 31. Qd3 Rxf2 32. Qxa6 Qf6 33. h3 Rf8 34. a4 Be3 35. Rb1 Qh4 36. Qc4+ Kh8 37. Qc3 Qg3 38. Rg1 Qf4 39. Rbe1 Bd2 40. Qd3 Bxe1 41. Rxe1 Qf6 42. Kg1 Rf4 43. a5 bxa5 44. Qb5 Qg5 45. b4 1-0


[Site "https://www.chess.com"]

[Event "Titled Tuesday Blitz March 15 Late 2022"]
[White "Janturin, Artur"]
[Black "Solon, Nathan"]
[WhiteFideId "4130022"]
[BlackFideId "2017229"]
[WhiteElo "2354"]
[BlackElo "2557"]
[Result "0-1"]
[Round "02"]
[TimeControl "180+1"]
[Date "2022.03.16"]
[WhiteClock "0:00:01"]
[BlackClock "0:00:50"]

1. b3 e5 2. Bb2 Nc6 3. e3 d5 4. Bb5 Ne7 5. Bxe5 a6 6. Bxc6+ Nxc6 7. Bg3 h5 8. h3 h4 9. Bh2 d4 10. Nf3 d3 11. O-O Bf5 12. e4 Be6 13. Nc3 Qd7 14. Nd5 Bxd5 15. exd5 Qxd5 16. Re1+ Be7 17. Ne5 Nd4 18. cxd3 O-O-O 19. Rc1 Bd6 20. Qg4+ f5 21. Qf4 g5 22. Qe3 Rde8 23. Rc4 Nc6 24. Qf3 Qe6 0-1


[Site "https://www.chess.com"]

[Event "Titled Tuesday Blitz March 15 Late 2022"]
[White "Jaracz, Pawel"]
[Black "Rosenberg, Evan S"]
[WhiteFideId "1102222"]
[BlackFideId "2019299"]
[WhiteElo "2429"]
[BlackElo "2280"]
[Result "0-1"]
[Round "02"]
[TimeControl "180+1"]
[Date "2022.03.16"]
[WhiteClock "0:00:19"]
[BlackClock "0:00:14"]

1. e4 e5 2. Nf3 Nc6 3. Bb5 Nf6 4. Nc3 Nd4 5. Bc4 Bc5 6. d3 d6 7. h3 c6 8. O-O b5 9. Bb3 a5 10. a4 Nxb3 11. cxb3 b4 12. Ne2 Qb6 13. Ng3 h5 14. Bg5 Be6 15. Bxf6 gxf6 16. Nh4 O-O-O 17. Nhf5 h4 18. Nh5 Bxf5 19. exf5 Rh6 20. Qg4 Rdh8 21. Qxh4 Rxh5 22. Qxf6 R8h7 23. Rac1 Qd8 24. Qxd8+ Kxd8 25. g3 Rxh3 26. Kg2 Rh2+ 27. Kf3 Ke7 28. Rc4 Kd7 29. Rg4 R7h5 30. Ke4 Rxf2 31. Rxf2 Bxf2 32. Rg8 Bd4 33. g4 Rh3 34. f6 d5+ 35. Kf5 Rf3+ 36. Kg5 Be3+ 37. Kh5 Rh3# 0-1


[Site "https://www.chess.com"]

[Event "Titled Tuesday Blitz March 15 Late 2022"]
[White "Jeet, Jain"]
[Black "Babazada, Khazar"]
[WhiteFideId "5073022"]
[BlackFideId "13413554"]
[WhiteElo "2085"]
[BlackElo "2418"]
[Result "0-1"]
[Round "02"]
[TimeControl "180+1"]
[Date "2022.03.16"]
[WhiteClock "0:00:03"]
[BlackClock "0:00:05"]

1. d4 Nf6 2. Nf3 g6 3. Nc3 Bg7 4. e4 d6 5. h3 O-O 6. Be3 a6 7. a4 Nc6 8. Bc4 Nxe4 9. Nxe4 d5 10. Bd3 dxe4 11. Bxe4 Qd6 12. c3 Bf5 13. Bxf5 gxf5 14. Qd2 Qd5 15. O-O Na5 16. Qe2 e6 17. Nd2 Kh8 18. Bf4 c6 19. Bc7 Rac8 20. c4 Nxc4 21. Nxc4 Rxc7 22. Rfd1 Rg8 23. Ne3 Qe4 24. Qd3 Qh4 25. Kh1 Rd7 26. Qe2 Rxd4 27. Rxd4 Bxd4 28. Rd1 c5 29. b3 f4 30. Ng4 h5 31. Rxd4 cxd4 32. Qe5+ Rg7 33. Nf6 Qg5 34. Qb8+ Rg8 35. Nxg8 Qxg8 36. Qxf4 Qg7 37. Qe4 Qf6 38. Kg1 b5 39. Qa8+ Kg7 40. Qxa6 d3 41. Qd6 bxa4 42. bxa4 Qf5 43. Qb4 Qd5 44. Qd2 Qe4 45. Kf1 f6 46. f3 Qd4 47. a5 Qa1+ 48. Kf2 Qd4+ 49. Kf1 e5 50. a6 h4 51. a7 Qa1+ 52. Qe1 Qxa7 53. Qd2 Qd4 54. Qe1 d2 55. Qd1 Qd3+ 56. Kf2 Kg6 57. Kg1 Qe3+ 58. Kf1 Kg5 59. Qc2 Qe1# 0-1


[Site "https://www.chess.com"]

[Event "Titled Tuesday Blitz March 15 Late 2022"]
[White "Khripachenko, Alexander"]
[Black "Romero Ruscalleda, Josep"]
[WhiteFideId "54184975"]
[BlackFideId "2231859"]
[WhiteElo "2177"]
[BlackElo "2336"]
[Result "1-0"]
[Round "02"]
[TimeControl "180+1"]
[Date "2022.03.16"]
[WhiteClock "0:02:43"]
[BlackClock "0:01:56"]

1. d4 g6 2. e4 Bg7 3. Nf3 d6 4. Nc3 a6 5. a4 Nc6 6. h3 Nf6 7. Be3 O-O 8. Bd3 e5 9. O-O exd4 10. Nxd4 Bd7 11. Re1 Re8 12. Qd2 Nxd4 13. Bxd4 Bc6 14. a5 Qd7 15. Qg5 Nxe4 16. Rxe4 Bxe4 17. Bxg7 Bxd3 18. Bd4 Re6 19. cxd3 Rae8 20. Ne4 f5 21. Nf6+ Rxf6 22. Qxf6 Qe7 23. Qh8+ Kf7 24. Qxh7+ Ke6 25. Re1+ Kd7 26. Rxe7+ Rxe7 27. Qxg6 1-0


[Site "https://www.chess.com"]

[Event "Titled Tuesday Blitz March 15 Late 2022"]
[White "Kobalia, Mikhail"]
[Black "Iskusnyh, Sergei"]
[WhiteFideId "4119150"]
[BlackFideId "4120027"]
[WhiteElo "2667"]
[BlackElo "2492"]
[Result "1-0"]
[Round "02"]
[TimeControl "180+1"]
[Date "2022.03.16"]
[WhiteClock "0:00:36"]
[BlackClock "0:00:05"]

1. e4 e6 2. d3 c5 3. Nf3 Nc6 4. g3 g6 5. Bg5 Qb6 6. Nbd2 Bg7 7. Nc4 Qc7 8. Bg2 h6 9. Be3 d6 10. Qd2 Nge7 11. O-O b5 12. Na3 Rb8 13. c3 Ba6 14. Nc2 b4 15. Rfd1 bxc3 16. bxc3 Qa5 17. d4 cxd4 18. cxd4 Qxd2 19. Rxd2 O-O 20. Rad1 d5 21. Ne5 Nxe5 22. dxe5 Bxe5 23. Bxh6 Rfc8 24. exd5 Nxd5 25. Bxd5 exd5 26. Rxd5 Rxc2 27. Rxe5 Rxa2 28. Bg5 Bc4 29. Bf6 Be6 30. Rb5 Ra8 31. Rdb1 Rc2 32. Kg2 Rc6 33. Ba1 a6 34. R5b4 Bd5+ 35. Kg1 a5 36. Rh4 f6 37. Rf4 Raa6 38. Rb8+ Kf7 39. Rb7+ Ke6 40. Rxf6# 1-0


[Site "https://www.chess.com"]

[Event "Titled Tuesday Blitz March 15 Late 2022"]
[White "Kosteniuk, Alexandra"]
[Black "Vine, Elzbieta"]
[WhiteFideId "4128125"]
[BlackFideId "1119320"]
[WhiteElo "2469"]
[BlackElo "1845"]
[Result "1-0"]
[Round "02"]
[TimeControl "180+1"]
[Date "2022.03.16"]
[WhiteClock "0:00:42"]
[BlackClock "0:00:01"]

1. d4 d5 2. Nf3 Bf5 3. g3 Nf6 4. Bg2 Nc6 5. O-O Qd7 6. c4 Bh3 7. Nc3 Bxg2 8. Kxg2 h5 9. Ne5 Nxe5 10. dxe5 Ng4 11. Qxd5 Qxd5+ 12. Nxd5 O-O-O 13. f4 e6 14. Nc3 Bc5 15. h3 Ne3+ 16. Bxe3 Bxe3 17. Kf3 Bd4 18. Rac1 Bxc3 19. Rxc3 Rd2 20. Rb1 Rhd8 21. Ke3 f6 22. exf6 gxf6 23. g4 h4 24. g5 fxg5 25. fxg5 R2d7 26. Rg1 Rg7 27. Rd3 Rf8 28. Rd4 Rh8 29. g6 Rh6 30. Rdg4 Kd7 31. Kf4 Ke7 32. e4 Kf6 33. e5+ Ke7 34. Rg5 Kf8 35. b4 Ke7 36. a4 Kd7 37. a5 b6 38. axb6 cxb6 39. Ke4 Kc6 40. R1g4 Rh8 41. Ke3 Kc7 42. Rf4 Kc6 43. Rf6 Re8 44. Rh5 Kd7 45. Rxh4 1-0


[Site "https://www.chess.com"]

[Event "Titled Tuesday Blitz March 15 Late 2022"]
[White "Koutlas, Nikolaos"]
[Black "Taboas Rodriguez, Daniel"]
[WhiteFideId "25827138"]
[BlackFideId "2208466"]
[WhiteElo "1610"]
[BlackElo "2429"]
[Result "0-1"]
[Round "02"]
[TimeControl "180+1"]
[Date "2022.03.16"]
[WhiteClock "0:00:04"]
[BlackClock "0:01:05"]

1. c4 Nf6 2. Nc3 g6 3. g3 Bg7 4. Bg2 O-O 5. d3 c5 6. e4 Nc6 7. Nge2 d6 8. O-O Bg4 9. h3 Bxe2 10. Nxe2 Ne8 11. Rb1 Nc7 12. a3 a5 13. f4 Ne6 14. g4 Ned4 15. Ng3 e6 16. f5 Qh4 17. Nh1 exf5 18. exf5 Rae8 19. Nf2 Ne2+ 20. Kh1 Ng3+ 21. Kh2 Be5 22. Kg1 Nd4 23. Re1 Bf6 24. Ne4 Nxe4 25. dxe4 Be5 26. Re3 Nc6 27. Rd3 Bd4+ 28. Be3 Re5 29. Rxd4 Nxd4 30. Bxd4 cxd4 31. Qxd4 Qe7 32. Rd1 Rd8 33. g5 Qxg5 34. fxg6 hxg6 35. Kh1 Qe7 36. b4 axb4 37. axb4 Rc8 38. Qd3 Qe6 39. Bf1 Rh5 40. Qxd6 Qxe4+ 41. Kh2 Rf5 42. Bg2 Rf2 43. Qg3 Qe2 44. c5 Rxg2+ 45. Qxg2 Qxd1 46. Qxb7 Re8 0-1


[Site "https://www.chess.com"]

[Event "Titled Tuesday Blitz March 15 Late 2022"]
[White "Krishnan, Varun"]
[Black "Kamsky, Gata"]
[WhiteFideId "5054508"]
[BlackFideId "2000024"]
[WhiteElo "2568"]
[BlackElo "2645"]
[Result "1/2-1/2"]
[Round "02"]
[TimeControl "180+1"]
[Date "2022.03.16"]
[WhiteClock "0:00:15"]
[BlackClock "0:00:35"]

1. e4 c6 2. d4 d5 3. exd5 cxd5 4. c4 Nf6 5. Nc3 g6 6. Qb3 Bg7 7. cxd5 O-O 8. Be2 Na6 9. Bf3 Qb6 10. Qxb6 axb6 11. Bf4 Nb4 12. Kd2 Bg4 13. d6 exd6 14. Bxb7 Ra7 15. Bf3 Rd8 16. h3 Bf5 17. Be3 d5 18. Nge2 Ne4+ 19. Bxe4 dxe4 20. g4 Be6 21. Nxe4 Rxa2 22. Rxa2 Bxa2 23. Rc1 h6 24. g5 hxg5 25. Bxg5 Re8 26. Nf6+ Bxf6 27. Bxf6 Nd5 28. Be5 f6 29. Bg3 b5 30. Nc3 Nxc3 31. Rxc3 Rd8 32. Ke3 Re8+ 33. Kd2 Rd8 34. Ke3 Re8+ 35. Kd2 1/2-1/2


[Site "https://www.chess.com"]

[Event "Titled Tuesday Blitz March 15 Late 2022"]
[White "Kujawski, Adam"]
[Black "Kadam, Om Manish"]
[WhiteFideId "1100920"]
[BlackFideId "45076294"]
[WhiteElo "2053"]
[BlackElo "1729"]
[Result "1-0"]
[Round "02"]
[TimeControl "180+1"]
[Date "2022.03.16"]
[WhiteClock "0:00:13"]
[BlackClock "0:00:10"]

1. e4 c6 2. d4 d5 3. Nc3 dxe4 4. Nxe4 Bf5 5. Ng3 Bg6 6. h4 h6 7. Nf3 Nd7 8. h5 Bh7 9. Bd3 Bxd3 10. Qxd3 Ngf6 11. Bd2 e6 12. Ne4 Nxe4 13. Qxe4 Nf6 14. Qe2 Be7 15. O-O-O Qd5 16. c4 Qe4 17. Qxe4 Nxe4 18. Be1 Bf6 19. Ne5 Rd8 20. f3 Nd6 21. b3 O-O 22. g4 c5 23. dxc5 Bxe5 24. cxd6 Bxd6 25. Bf2 a6 26. Kc2 Be7 27. Bb6 Rde8 28. Rd7 f5 29. Rxb7 fxg4 30. fxg4 Rf4 31. Rg1 Bf6 32. Rg2 e5 33. c5 Re6 34. Rd7 e4 35. Rdd2 e3 36. Rde2 Bd4 37. Kd3 Re5 38. b4 Kh7 39. a4 Ba1 40. Rxe3 Rd4+ 41. Ke2 Rxe3+ 42. Kxe3 Rxb4 43. Rc2 Bf6 44. a5 Bg5+ 45. Kf3 Rf4+ 46. Kg3 Rf8 47. c6 Rc8 48. c7 Be7 49. Kf3 Bd6 50. Ke4 Kg8 51. Kd5 Bg3 52. Ke6 Bxc7 53. Rxc7 Re8+ 54. Re7 Rf8 55. Bd4 Rf4 56. Rxg7+ Kf8 57. Rd7 Ke8 58. Be5 Rxg4 59. Rh7 Rg8 60. Rxh6 Rf8 61. Rh8 Rxh8 62. Bxh8 Kf8 63. Bf6 Kg8 64. h6 Kh7 65. Bg7 Kg6 66. Kd5 Kh7 67. Kc6 Kg6 68. Kb6 Kh7 69. Kxa6 Kg6 70. Kb6 Kh7 71. a6 Kg6 72. a7 Kh7 73. a8=Q Kg6 74. Qe8+ Kh7 75. Qe4+ Kg8 76. Bd4 Kf8 77. Qf5+ Kg8 78. Qg6+ Kf8 79. Qg7+ Ke8 80. Bc5 Kd8 81. Qe7+ Kc8 82. Qc7# 1-0


[Site "https://www.chess.com"]

[Event "Titled Tuesday Blitz March 15 Late 2022"]
[White "Lazavik, Denis"]
[Black "Maltsevskaya, Aleksandra"]
[WhiteFideId "13515110"]
[BlackFideId "24174041"]
[WhiteElo "2437"]
[BlackElo "2241"]
[Result "1-0"]
[Round "02"]
[TimeControl "180+1"]
[Date "2022.03.15"]
[WhiteClock "0:01:26"]
[BlackClock "0:01:14"]

1. d4 Nf6 2. c4 g6 3. g3 Bg7 4. Bg2 O-O 5. Nc3 d6 6. Nf3 Nbd7 7. O-O e5 8. e4 exd4 9. Nxd4 Nc5 10. h3 Re8 11. Re1 Bd7 12. Rb1 a5 13. b3 h6 14. Rb2 Qc8 15. Kh2 a4 16. Rd2 axb3 17. axb3 Ne6 18. Nxe6 Bxe6 19. Bb2 Nd7 20. f4 Nc5 21. b4 Nd7 22. Nd5 c6 23. Bxg7 Kxg7 24. Ne3 Nb6 25. Rxd6 Qc7 26. f5 Nxc4 27. Qd4+ Kg8 28. Nxc4 Bxc4 29. fxg6 Rad8 30. Rxd8 1-0


[Site "https://www.chess.com"]

[Event "Titled Tuesday Blitz March 15 Late 2022"]
[White "Lehtosaari, Mauri"]
[Black "Piliczewski, Bogusz"]
[WhiteFideId "501999"]
[BlackFideId "1104144"]
[WhiteElo "2476"]
[BlackElo "1896"]
[Result "1-0"]
[Round "02"]
[TimeControl "180+1"]
[Date "2022.03.16"]
[WhiteClock "0:00:15"]
[BlackClock "0:00:01"]

1. d4 d5 2. Nf3 Nf6 3. Bg5 Ne4 4. Bf4 Bf5 5. Nbd2 e6 6. h3 Bd6 7. e3 Bxf4 8. exf4 Nd7 9. c3 h6 10. Qb3 Rb8 11. Be2 O-O 12. O-O c5 13. Nxe4 dxe4 14. Ne5 cxd4 15. cxd4 Nf6 16. Rfd1 Nd5 17. Qg3 Qd6 18. a3 f6 19. Ng4 Qxf4 20. Qb3 Bxg4 21. Bxg4 f5 22. Be2 Qd6 23. Rac1 Rfd8 24. Rd2 Qb6 25. Qxb6 Nxb6 26. Rc7 Nd5 27. Rc5 Rdc8 28. Rdc2 Ne7 29. Bc4 Kf7 30. b4 b6 31. Re5 Rc6 32. b5 Rd6 33. g4 g6 34. Bb3 Rxd4 35. Rxe6 Rd3 36. Rc7 Rxb3 37. Rcxe7+ Kf8 38. Rh7 Rxb5 39. Rxg6 Re8 40. Rgxh6 fxg4 41. hxg4 1-0


[Site "https://www.chess.com"]

[Event "Titled Tuesday Blitz March 15 Late 2022"]
[White "Levitskiy, Andrey"]
[Black "Gatterer, Florian"]
[WhiteFideId "14132885"]
[BlackFideId "811688"]
[WhiteElo "2301"]
[BlackElo "2218"]
[Result "0-1"]
[Round "02"]
[TimeControl "180+1"]
[Date "2022.03.16"]
[WhiteClock "0:00:02"]
[BlackClock "0:00:41"]

1. d4 Nf6 2. Bf4 d5 3. e3 c5 4. Nc3 a6 5. dxc5 Nc6 6. a3 e5 7. Bg5 Be6 8. b4 Be7 9. Nf3 d4 10. exd4 exd4 11. Na4 Ne4 12. Bxe7 Qxe7 13. Be2 O-O 14. O-O Rad8 15. Re1 Ng5 16. Bc4 Qf6 17. Bxe6 Nxe6 18. Nb2 Nf4 19. Nd3 Nd5 20. Qd2 h6 21. Nfe5 Rfe8 22. Nc4 Nc3 23. Nd6 Rxe1+ 24. Rxe1 Nb5 25. Nxb7 Rb8 26. Nd6 Nxd6 27. cxd6 Qxd6 28. Nc5 a5 29. c3 axb4 30. cxb4 Ra8 31. Qd3 Qd5 32. h3 Ne5 33. Qe4 Qxe4 34. Rxe4 Nc4 35. Rxd4 Nxa3 36. Nd7 Rc8 37. Ne5 f6 38. Ng6 Kf7 39. Nf4 Rc7 40. Rd5 Rb7 0-1


[Site "https://www.chess.com"]

[Event "Titled Tuesday Blitz March 15 Late 2022"]
[White "Lobanov, Sergei"]
[Black "Jaskolka, Tomasz"]
[WhiteFideId "24183750"]
[BlackFideId "1170791"]
[WhiteElo "2514"]
[BlackElo "2073"]
[Result "1-0"]
[Round "02"]
[TimeControl "180+1"]
[Date "2022.03.16"]
[WhiteClock "0:00:07"]
[BlackClock "0:00:02"]

1. e4 e6 2. d4 d5 3. Nc3 Bb4 4. exd5 exd5 5. Bd3 Nc6 6. Be3 Nge7 7. Qf3 Be6 8. Ne2 Qd7 9. h3 O-O-O 10. O-O-O Bf5 11. g4 Bxd3 12. Rxd3 f5 13. g5 g6 14. Bf4 Rde8 15. Nb5 Ba5 16. Nec3 a6 17. Na3 Bxc3 18. Rxc3 Nxd4 19. Qd3 Nec6 20. Be3 Re4 21. Rd1 Rhe8 22. Kb1 f4 23. Bd2 Nb4 24. Qf1 Qa4 25. f3 Re2 26. Bxf4 Ndxc2 27. Rxc7+ Kd8 28. Rc3 Re1 29. Nxc2 Qxa2+ 30. Kc1 Rxf1 31. Rxf1 Nxc2 32. Kxc2 Re2+ 33. Kd3 Qxb2 34. Rfc1 Qb5+ 35. Kd4 Re8 36. Rc8+ Ke7 37. R1c7+ Qd7 38. Rxd7+ Kxd7 39. Rc7+ Ke6 40. Rxb7 Kf5 41. Rf7+ Ke6 42. Rf6+ Kd7 43. Rxa6 Rf8 44. Ra7+ Kc6 45. Be5 Rxf3 46. Rc7+ Kb5 47. Kxd5 Rxh3 48. Rb7+ Ka6 49. Rg7 Rh5 50. Bf6 h6 51. Rxg6 hxg5 52. Bd4+ Kb5 53. Rb6+ Ka5 54. Rb1 g4+ 55. Be5 g3 56. Rg1 Rg5 57. Ke4 Rg4+ 58. Kf3 Rg8 59. Bxg3 Kb5 60. Ke4 Kc4 61. Rc1+ Kb3 62. Be5 Rd8 63. Rc3+ Kb4 64. Rc2 Rg8 65. Rb2+ Kc4 66. Rc2+ Kb4 67. Kd5 Rd8+ 68. Bd6+ Kb3 69. Rc7 Rg8 70. Ke4 Rg6 71. Be5 Rg4+ 72. Kd3 Rg2 73. Rb7+ Ka4 74. Kc4 Rg4+ 75. Bd4 Rg5 76. Rb1 Rg3 77. Rb8 Rg5 78. Rb4+ Ka3 79. Rb1 Rg2 80. Ra1+ Ra2 81. Rb1 Rc2+ 82. Bc3 Ka2 83. Ra1# 1-0


[Site "https://www.chess.com"]

[Event "Titled Tuesday Blitz March 15 Late 2022"]
[White "Lysyj, Igor"]
[Black "Meduri, Aakaash"]
[WhiteFideId "4150120"]
[BlackFideId "2032252"]
[WhiteElo "2611"]
[BlackElo "2096"]
[Result "1-0"]
[Round "02"]
[TimeControl "180+1"]
[Date "2022.03.16"]
[WhiteClock "0:00:33"]
[BlackClock "0:00:11"]

1. d4 d5 2. c4 e6 3. Nf3 Nf6 4. g3 c6 5. Bg2 Be7 6. O-O O-O 7. Nc3 dxc4 8. Ne5 Nbd7 9. Nxc4 Nb6 10. Ne5 h6 11. e4 Bd7 12. Be3 Rc8 13. Qb3 Qc7 14. a4 Rcd8 15. a5 Nc8 16. Bf4 Bd6 17. Nxd7 Bxf4 18. Nxf6+ gxf6 19. gxf4 Rxd4 20. Rad1 Rfd8 21. Rxd4 Rxd4 22. Rd1 c5 23. Rxd4 cxd4 24. Ne2 Qxa5 25. Qc4 Qe1+ 26. Bf1 Nd6 27. Qxd4 Nb5 28. Qxf6 Qb1 29. Ng3 Qd1 30. Qxh6 Nd4 31. Qg5+ Kf8 32. Qh6+ Ke7 33. h4 Nf3+ 34. Kg2 Ne1+ 35. Kh2 Nf3+ 36. Kh3 Nd2 37. Bg2 Qe1 38. Qg5+ Ke8 39. Qb5+ Kf8 40. Qe2 Qc1 41. b4 a6 42. h5 b5 43. Qe3 Qd1 44. h6 Nc4 45. Qc5+ Kg8 46. Qg5+ Kf8 47. Qg7+ Ke7 48. h7 1-0


[Site "https://www.chess.com"]

[Event "Titled Tuesday Blitz March 15 Late 2022"]
[White "Mangialardo, Tiago Carvalho"]
[Black "Kovanova, Baira"]
[WhiteFideId "2130718"]
[BlackFideId "4164083"]
[WhiteElo "2071"]
[BlackElo "2190"]
[Result "0-1"]
[Round "02"]
[TimeControl "180+1"]
[Date "2022.03.16"]
[WhiteClock "0:00:03"]
[BlackClock "0:01:16"]

1. e4 e5 2. Nf3 Nc6 3. Bb5 a6 4. Ba4 Nge7 5. O-O g6 6. c3 Bg7 7. d4 exd4 8. cxd4 b5 9. Bc2 O-O 10. a4 b4 11. a5 d5 12. e5 Bg4 13. Be3 Rb8 14. Nbd2 Rb5 15. Nb3 f6 16. Bd3 Rb8 17. exf6 Bxf6 18. Bxa6 Bxf3 19. gxf3 Nf5 20. Rc1 Qd6 21. Qd2 Nh4 22. Be2 Bg7 23. Qc2 Qe6 24. Bg5 Nxf3+ 25. Bxf3 Rxf3 26. Qxc6 Qg4+ 27. Kh1 Qxg5 28. Nd2 Qxd2 29. Qxd5+ Rf7 30. Rxc7 Rf8 31. f4 Qxd4 32. Qb3 Qe4+ 33. Rf3 Kh8 34. Rxf7 Rxf7 35. Qxf7 Qxf3+ 36. Kg1 Bd4# 0-1


[Site "https://www.chess.com"]

[Event "Titled Tuesday Blitz March 15 Late 2022"]
[White "Manukyan, Sargis A."]
[Black "Constantinou, Peter"]
[WhiteFideId "13303970"]
[BlackFideId "413038"]
[WhiteElo "2187"]
[BlackElo "2230"]
[Result "0-1"]
[Round "02"]
[TimeControl "180+1"]
[Date "2022.03.16"]
[WhiteClock "0:00:43"]
[BlackClock "0:01:29"]

1. d4 d5 2. c4 e6 3. Nc3 Nf6 4. Nf3 Be7 5. e3 O-O 6. Bd3 dxc4 7. Bxc4 c5 8. O-O a6 9. a4 Nc6 10. dxc5 Bxc5 11. Qe2 Qe7 12. Rd1 e5 13. h3 Be6 14. Bxe6 Qxe6 15. Ng5 Qe7 16. Nge4 Nxe4 17. Nxe4 Bb4 18. b3 f5 19. Ng3 e4 20. Bb2 Bd6 21. Nh5 Be5 22. Rac1 g6 23. Nf4 Rfd8 24. Nd5 Qf7 25. Rxc6 bxc6 26. Nb6 Rxd1+ 27. Qxd1 Re8 28. Bxe5 Rxe5 29. Qd6 Re6 30. Qc5 Qe7 31. Qc4 Kg7 32. Qxa6 Rd6 33. Nc4 Rd1+ 34. Kh2 Qc7+ 35. g3 Rb1 36. Nd2 Rb2 37. Qc4 Kh6 38. Qc3 Ra2 39. Kg2 Qd6 40. Nf1 Qd1 41. Kg1 Qe2 0-1


[Site "https://www.chess.com"]

[Event "Titled Tuesday Blitz March 15 Late 2022"]
[White "Martinez Alcantara, Jose Eduardo"]
[Black "Senft, Sean"]
[WhiteFideId "3805662"]
[BlackFideId "2044960"]
[WhiteElo "2690"]
[BlackElo "1881"]
[Result "1-0"]
[Round "02"]
[TimeControl "180+1"]
[Date "2022.03.16"]
[WhiteClock "0:00:17"]
[BlackClock "0:00:17"]

1. e4 c5 2. Nf3 d6 3. Bc4 Nf6 4. d3 e6 5. Bb3 Be7 6. Nc3 O-O 7. O-O Nc6 8. a3 Rb8 9. Ne2 b5 10. Ng3 Bb7 11. c3 Ne5 12. Bc2 Nxf3+ 13. Qxf3 Qc7 14. Bf4 Rfe8 15. Rfe1 h6 16. Rac1 e5 17. Be3 Bc8 18. Nf5 Bxf5 19. Qxf5 Qc8 20. Qxc8 Rexc8 21. h3 Ne8 22. g3 Nc7 23. Bd1 Ne6 24. h4 a5 25. Bg4 Rc7 26. Kg2 Rcb7 27. Ra1 b4 28. axb4 axb4 29. Rec1 bxc3 30. bxc3 Kf8 31. Ra6 Ke8 32. Rca1 Kd7 33. Ra7 Kc6 34. Bh5 Nd8 35. Bd1 Rxa7 36. Rxa7 Rb7 37. Ra3 Kb6 38. Ba4 Ra7 39. Rb3+ Kc7 40. Be8 f6 41. Kf3 Ra1 42. Kg4 Rd1 43. c4 Ne6 44. Ra3 Kb7 45. Bf7 Nf8 46. h5 Rb1 47. Bd5+ Kc7 48. Ra7+ Kd8 49. Bd2 Rb2 50. Ba5+ Ke8 51. f4 exf4 52. gxf4 Rg2+ 53. Kf3 Rh2 54. Bc6+ Kf7 55. Bd8 Rxh5 56. Bxe7 Rh3+ 57. Ke2 Rh2+ 58. Kd1 h5 59. Bxd6+ Ke6 60. Bxf8 h4 61. Bd5# 1-0


[Site "https://www.chess.com"]

[Event "Titled Tuesday Blitz March 15 Late 2022"]
[White "Mekhitarian, Krikor Sevag"]
[Black "Rabineau, Clement"]
[WhiteFideId "2107660"]
[BlackFideId "628891"]
[WhiteElo "2598"]
[BlackElo "2237"]
[Result "1-0"]
[Round "02"]
[TimeControl "180+1"]
[Date "2022.03.16"]
[WhiteClock "0:00:05"]
[BlackClock "0:00:01"]

1. e4 d6 2. d4 g6 3. Nc3 Bg7 4. Be3 a6 5. h4 h6 6. f4 h5 7. Nf3 Nh6 8. Bd3 Nd7 9. Qd2 Nf6 10. O-O-O Nfg4 11. Bg1 c6 12. Kb1 b5 13. Ne2 Qc7 14. c3 Bd7 15. Ng3 e6 16. f5 exf5 17. exf5 Nxf5 18. Nxf5 Bxf5 19. Re1+ Kf8 20. Bxf5 gxf5 21. Qd3 Qd7 22. Be3 Re8 23. Rhf1 a5 24. Bd2 Rxe1+ 25. Bxe1 Rh6 26. Bd2 Re6 27. Ng5 Bf6 28. Nxe6+ fxe6 29. g3 Qf7 30. Bf4 Qd7 31. a3 Ke7 32. Ka2 a4 33. Re1 e5 34. Bd2 Qe6+ 35. Kb1 e4 36. Qf1 d5 37. Bf4 Kf7 38. Qe2 Kg6 39. Rf1 Be7 40. Qd2 Bf6 41. Re1 Be7 42. Bg5 Bd6 43. Bd8 Bxg3 44. Qg5+ Kf7 45. Qxh5+ Kf8 46. Qh8+ Kf7 47. Rg1 f4 48. Qh7+ Ke8 49. Bg5 e3 50. Ka2 Qe4 51. Qg8+ Kd7 52. Qd8+ Ke6 53. Qe7+ Kf5 54. Qf7+ Nf6 55. Qxf6+ Kg4 56. Bxf4 Qxf4 57. Qg7+ Kf3 58. Qg6 e2 59. Rb1 e1=Q 60. Qh5+ Ke3 61. Rxe1+ Bxe1 62. Qd1 Kf2 63. h5 Qe3 64. Qg4 Qc1 65. Qf5+ 1-0


[Site "https://www.chess.com"]

[Event "Titled Tuesday Blitz March 15 Late 2022"]
[White "Miszler, Levente"]
[Black "Abdyzhapar, Asylbek"]
[WhiteFideId "763276"]
[BlackFideId "13800337"]
[WhiteElo "1966"]
[BlackElo "2331"]
[Result "0-1"]
[Round "02"]
[TimeControl "180+1"]
[Date "2022.03.16"]
[WhiteClock "0:01:11"]
[BlackClock "0:02:22"]

1. Nf3 Nf6 2. c4 g6 3. g3 Bg7 4. Bg2 O-O 5. O-O d6 6. Nc3 a6 7. d4 Nc6 8. Rb1 Rb8 9. b4 b5 10. cxb5 axb5 11. e4 Bg4 12. a4 e5 13. d5 Nd4 14. axb5 Nd7 15. Be3 f5 16. exf5 Rxf5 17. Bxd4 exd4 18. Ne4 Ne5 19. Ned2 Qf8 20. Rb3 d3 21. Qc1 Nxf3+ 22. Nxf3 Bxf3 23. Rxd3 Bxg2 24. Kxg2 Qf7 25. Qc6 Rb6 26. Qa8+ Bf8 27. f4 Rxb5 28. Re1 Rfxd5 29. Rde3 Rd2+ 30. Kg1 Rxb4 31. Re8 Rbb2 32. Rxf8+ Qxf8 33. Re8 Rd1+ 0-1


[Site "https://www.chess.com"]